 Dungeon Crawl Stone Soup version 0.28.0-45-g0d030f2227 (webtiles) character file.

Game seed: 4744602299164508505

82 Icepheonix32 the Skirmisher (level 4, -1/35 HPs)
             Began as a Demonspawn Fighter on Apr 10, 2022.
             Slain by an orc
             ... wielding a +1 morningstar of freezing
              (3 damage)
             ... on level 3 of the Dungeon.
             The game lasted 00:01:48 (2266 turns).

Icepheonix32 the Skirmisher (Demonspawn Fighter)    Turns: 2266, Time: 00:01:48

Health: -1/35      AC:  7    Str: 18    XL:     4   Next: 21%
Magic:  4/4        EV:  9    Int:  9    God:
Gold:   63         SH:  8    Dex: 13    Spells: 3/3 levels left

rFire   . . .      SeeInvis .   a - +0 long sword
rCold   . . .      Faith    .   c - +0 buckler
rNeg    . . .      Spirit   .   b - +0 scale mail
rPois   .          Reflect  .   (no helmet)
rElec   .          Harm     .   (no cloak)
rCorr   .          Rampage  .   e - +0 pair of gloves
Will    .....                   (no boots)
Stlth   ..........              (no amulet)
HPRegen 0.11/turn               (no ring)
MPRegen 0.09/turn               (no ring)

@: no status effects
A: foul stench 1, condensation shield
a: no special abilities


You were on level 3 of the Dungeon.
You visited 1 branch of the dungeon, and saw 3 of its levels.

You collected 63 gold pieces.

Inventory:

Hand Weapons
 a - a +0 long sword (weapon)
Missiles
 j - a boomerang (quivered)
 k - 6 poisoned darts
Armour
 b - a +0 scale mail (worn)
 c - a +0 buckler (worn)
 e - a +0 pair of gloves (worn)
Scrolls
 h - 2 scrolls of fear {unknown}
 l - a scroll of identify {unknown}
 m - a scroll of teleportation {unknown}
Potions
 d - a potion of might
 f - a potion of berserk rage {unknown}
 g - a potion of attraction {unknown}
 i - a potion of lignification {unknown}


   Skills:
 + Level 3.2 Fighting
 * Level 3.1 Long Blades
 + Level 0.4 Throwing
 + Level 3.1 Armour
 + Level 0.5 Dodging
 + Level 0.3 Stealth
 + Level 3.0 Shields


You had 3 spell levels left.
You didn't know any spells.
Your spell library contained the following spells:

 Spells                   Type           Power      Damage    Failure   Level
 Animate Skeleton         Necr           0%         N/A       86%         1
 Pain                     Necr           0%         1d4       86%         1
 Dazzling Flash           Conj/Hex       0%         N/A       99%         3
 Vampiric Draining        Necr           0%         2d6       99%         3
 Agony                    Necr           0%         N/A       100%        5
 Silence                  Hex/Air        0%         N/A       100%        5


Dungeon Overview and Level Annotations

Branches:
Dungeon (3/15)

Altars:


Innate Abilities, Weirdness & Mutations

You may rarely emit foul miasma when damaged in melee.
A meltable shield of frost defends you. (SH +4)


Message History

You hit the orc wizard.
The orc wizard is heavily wounded.
The orc wizard barely misses you.
You hit the orc wizard.
The orc wizard is severely wounded.
The orc wizard hits you with a +0 dagger.
The orc wizard hits you but does no damage.
You hit the orc wizard.
You kill the orc wizard!
The orc wizard closely misses you.
Your Long Blades skill increases to level 3!
Your Shields skill increases to level 3!
You have reached level 4!
You feel agile.
Your demonic ancestry asserts itself...
Frost condenses into a shield before you.
You barely miss the orc wizard.
The orc wizard is heavily wounded.
The orc hits you with a +1 morningstar of freezing.
The orc freezes you. You block the orc wizard's attack.
You block the orc's attack.
You miss the orc wizard.
The orc wizard is heavily wounded.
The orc wizard hits you but does no damage.
The orc hits you with a +1 morningstar of freezing.
The orc freezes you. You block the orc wizard's attack.
You miss the orc wizard.
The orc wizard is heavily wounded.
The orc hits you with a +1 morningstar of freezing!
The orc freezes you. The orc misses you.
The orc wizard hits you with a +0 dagger.
You miss the orc wizard.
The orc wizard is heavily wounded.
The orc misses you. x2
The orc wizard points at you and mumbles some strange words.
The magic dart hits you.
* * * LOW HITPOINT WARNING * * *
The orc hits you with a +1 morningstar of freezing!
* * * LOW HITPOINT WARNING * * *
The orc freezes you.
You die...

###########
#.........#
#.........# ### ..
#.........# .. ..##
#....o...†# .#.....
#....o@)..####.#....#
.......o†.......#.#...
.#.........#..#.......
...!.............>....
........#####...#.#..
.....?..# ##..#.#
........# #..#.#
....^...# #..#.#
#..#.#


You could see an orc wizard and 2 orcs.

Vanquished Creatures
  An orc wizard (D:3)
  An adder (D:2)
  A worm (D:2)
  3 orcs (D:3)
  A bat (D:1)
  5 endoplasms
  A giant cockroach (D:3)
  5 goblins
  5 hobgoblins
  4 kobolds
  3 quokkas
  2 ball pythons
  A frilled lizard (D:1)
  5 rats
38 creatures vanquished.

Notes
Turn   | Place    | Note
-------+----------+-------------------------------------------
     0 | D:1      | Icepheonix32 the Demonspawn Fighter began the quest for the
                  | Orb.
     0 | D:1      | Reached XP level 1. HP: 18/18 MP: 1/1
   536 | D:1      | Gained mutation: You may rarely emit foul miasma when
                  | damaged in melee. [demonic ancestry]
   536 | D:1      | Reached XP level 2. HP: 21/24 MP: 2/2
  1230 | D:2      | Reached XP level 3. HP: 22/29 MP: 3/3
  1840 | D:2      | Found a faded altar of an unknown god.
  2263 | D:3      | Gained mutation: A meltable shield of frost defends you.
                  | (SH +4) [demonic ancestry]
  2263 | D:3      | Reached XP level 4. HP: 33/35 MP: 4/4
  2266 | D:3      | Slain by an orc

Illustrated notes

Levels and vault maps discovered:
D:1:      lemuel_arrival_funnel, layout_loops_corners
D:2:      layout_basic, basic_ecumenical_altar, minmay_splitting_lines
D:3:      layout_basic

Skill      XL: |  1  2  3 |
---------------+----------+-----
Long Blades    | 2 3 |  3.1
Armour         | 3 |  3.1
Shields        | 3 |  3.0
Fighting       | |  3.2
Throwing       | |  0.4
Dodging        | |  0.5
Stealth        | |  0.3

Action                   |  1- 3 |  4- 6 || total
-------------------------+-------+-------++-------
Melee: Long sword        |    92 |     4 ||    96
Throw: Boomerang         |    19 |       ||    19
Armor: Scale mail        |    37 |     1 ||    38
Dodge: Dodged            |    49 |     3 ||    52
Block: Buckler           |    14 |     3 ||    17
